 Dungeon Crawl Stone Soup version 0.29-a0-319-gad05b8d819 (webtiles) character file.

Game seed: 12190895354471457118

2128 gilleain the Conjurer (level 9, -5/65 HPs)
             Began as a Human Conjurer on Apr 1, 2022.
             Was an Initiate of Sif Muna.
             Slain by a yak (7 damage)
             ... on level 7 of the Dungeon.
             The game lasted 01:06:19 (7330 turns).

gilleain the Conjurer (Human Conjurer)              Turns: 7330, Time: 01:06:19

Health: -5/65      AC:  6    Str:  8    XL:     9   Next: 54%
Magic:  4/15       EV: 13    Int: 23    God:    Sif Muna [......]
Gold:   431        SH:  0    Dex: 11    Spells: 7/17 levels left

rFire   . . .      SeeInvis .   n - +5 halberd (vorpal)
rCold   . . .      Faith    .   (shield currently unavailable)
rNeg    . . .      Spirit   .   w - +0 steam dragon scales
rPois   .          Reflect  .   (no helmet)
rElec   .          Harm     .   (no cloak)
rCorr   .          Rampage  .   (no gloves)
Will    +....                   h - +0 pair of boots
Stlth   ++........              A - amulet of regeneration
HPRegen 1.00/turn               G - ring of willpower
MPRegen 0.14/turn               t - ring of wizardry

@: about to teleport, flying
A: no striking features
a: Renounce Religion


You were on level 7 of the Dungeon.
You worshipped Sif Muna.
Sif Muna was noncommittal.
You visited 2 branches of the dungeon, and saw 9 of its levels.

You collected 431 gold pieces.

Inventory:

Hand Weapons
 e - a +0 flail of freezing
 g - a +1 hand axe of venom
 n - a +5 vorpal halberd (weapon)
 r - a +0 hunting sling
 y - a +1 flail of holy wrath
 B - a +2 spear of venom
 D - a +2 vampiric dagger
Missiles
 j - 12 poisoned darts (quivered)
Armour
 a - a +0 robe
 h - a +0 pair of boots (worn)
 w - +0 steam dragon scales (worn)
Jewellery
 t - a ring of wizardry (right hand)
 u - a ring of protection from cold
 A - an amulet of regeneration (around neck)
 G - a ring of willpower (left hand)
Wands
 o - a wand of iceblast (14)
 z - a wand of flame (21)
Scrolls
 k - a scroll of amnesia
 m - a scroll of teleportation
 p - a scroll of immolation {unknown}
 q - a scroll of magic mapping {unknown}
 v - a scroll of fog
Potions
 b - a potion of magic
 c - a potion of mutation
 d - 2 potions of curing
 f - a potion of berserk rage
 l - 2 potions of haste
 s - a potion of ambrosia {unknown}
 x - a potion of might {unknown}
 C - a potion of resistance
 E - a potion of heal wounds {unknown}


   Skills:
 + Level 3.7 Fighting
 + Level 1.4(4.2) Axes
 + Level 2.0(2.2) Maces & Flails
 + Level 5.8(5.9) Polearms
 + Level 2.5 Throwing
 + Level 4.7 Dodging
 + Level 3.8 Stealth
 + Level 4.5 Spellcasting
 + Level 6.2 Conjurations
 + Level 0.1 Hexes
 + Level 0.4 Evocations


You had 7 spell levels left.
You knew the following spells:

 Your Spells              Type           Power      Damage    Failure   Level
a - Magic Dart            Conj           100%       1d8       1%          1
b - Searing Ray           Conj           68%        2d6       1%          2
c - Dazzling Flash        Conj/Hex       38%        N/A       3%          3
d - Iskenderun's Mystic   Conj/Tloc      19%        2d6       11%         4

Your spell library contained the following spells:

 Spells                   Type           Power      Damage    Failure   Level
 Fulminant Prism          Conj/Hex       9%         3d7       11%         4


Dungeon Overview and Level Annotations

Branches:
Dungeon (8/15)             Temple (1/1) D:6
   Lair: D:8-11

Altars:
Elyvilon
Fedhas
Kikubaaqudgha
Makhleb
Nemelex Xobeh
Qazlal
Ru
Sif Muna
Trog
Xom
Yredelemnul
Zin

Annotations:
D:7 Joseph, Maggie
D:8 2 transporters


Message History

The yak misses you. The yak attacks as you move away!
The yak gores you but does no damage. The yak attacks as you move away!
The yak gores you.
You hit the yak.
The yak is moderately wounded.
The yak closely misses you. The yak gores you. x2
The yak gores you! The yak attacks as you move away! The yak gores you!
* * * LOW HITPOINT WARNING * * *
Casting: Iskenderun's Mystic Blast (dangerous; 11% risk of failure)
Confirm with . or Enter, or press ? or * to list all spells.
Aiming: Searing Ray (safe; 1% risk of failure)
Press: ? - help, Shift-Dir - straight line, f - yak
Aim: a yak (lightly wounded, 88% to hit)
The searing ray hits the yak.
The yak is moderately wounded. (Press . to maintain the ray.)
The yak closely misses you. The yak gores you.
* * * LOW HITPOINT WARNING * * *
Casting: Searing Ray (safe; 1% risk of failure)
Confirm with . or Enter, or press ? or * to list all spells.
You erupt in a blast of force!
The mystic blast hits the yak but does no damage.
The yak is moderately wounded.
The mystic blast hits the yak.
The yak is moderately wounded.
The yak is knocked back by the mystic blast.
The yak gores you.
* * * LOW HITPOINT WARNING * * *
It was a potion of flight.
You feel very buoyant.
You fly up into the air.
The yak gores you.
* * * LOW HITPOINT WARNING * * *
You puncture the yak!
The yak is severely wounded.
The yak gores you!
* * * LOW HITPOINT WARNING * * *
As you read the scroll of teleportation, it crumbles to dust.
You feel strangely unstable. The yak gores you!
You die...

#..##....###.....###
##.#
#..#..........####
#.##
###..#...[....###
##.#
#............>.##
###
...##...........##
####.............##
# #..............##
#............YY..#
#.............@..#
#................##
#.................#
###...............#
##......(......##
###.........###
###.....### ##..###
##.##


You could see 2 yaks.

Vanquished Creatures
  2 yaks
  A steam dragon (D:5)
  A water moccasin (D:6)
  3 ice beasts (D:4)
  A sky beast (D:7)
  An ogre (D:5)
  A kobold brigand (D:7)
  3 scorpions
  2 howler monkeys (D:5)
  2 gnoll shamans
  4 hounds
  3 jellies
  4 iguanas
  2 orc wizards
  28 gnolls
  4 adders
  2 shadow imps
  A white imp (D:7)
  An ufetubus (D:4)
  3 worms
  A dart slug (D:4)
  7 orcs
  8 endoplasms
  4 giant cockroaches
  5 hobgoblins
  9 jackals
  11 kobolds
  7 ball pythons
  7 bats
  2 frilled lizards
  6 goblins
  7 rats
143 creatures vanquished.

Vanquished Creatures (others)
  7 withered plants (D:6)
7 creatures vanquished.

Grand Total: 150 creatures vanquished

Notes
Turn   | Place    | Note
-------+----------+-------------------------------------------
     0 | D:1      | gilleain the Human Conjurer began the quest for the Orb.
     0 | D:1      | Reached XP level 1. HP: 13/13 MP: 3/3
   159 | D:1      | Reached XP level 2. HP: 18/19 MP: 5/5
   162 | D:1      | Learned a level 2 spell: Searing Ray
   212 | D:1      | Found a faded altar of an unknown god.
   345 | D:1      | Reached XP level 3. HP: 24/24 MP: 4/6
   353 | D:1      | Learned a level 3 spell: Dazzling Flash
  1210 | D:2      | Reached XP level 4. HP: 21/30 MP: 5/7
  1260 | D:2      | Reached skill level 1 in Maces & Flails
  1296 | D:2      | You fall into a shaft and drop 2 floors!
  1415 | D:4      | Found a transporter.
  1417 | D:4      | Noticed an ice beast
  1422 | D:4      | Noticed an ice beast
  1422 | D:4      | Noticed an ice beast
  1702 | D:4      | Reached XP level 5. HP: 30/36 MP: 6/8
  1855 | D:4      | Reached skill level 1 in Fighting
  1908 | D:4      | Found a transporter.
  1970 | D:4      | Reached skill level 1 in Axes
  1970 | D:4      | Reached XP level 6. HP: 32/43 MP: 1/9
  2072 | D:4      | Reached skill level 1 in Throwing
  3255 | D:3      | Reached skill level 1 in Polearms
  3923 | D:2      | Learned a level 4 spell: Iskenderun's Mystic Blast
  4126 | D:5      | Entered Level 5 of the Dungeon
  4140 | D:5      | Reached XP level 7. HP: 37/48 MP: 10/10
  4207 | D:5      | Noticed a steam dragon
  4223 | D:5      | Killed a steam dragon
  4224 | D:5      | Reached skill level 5 in Conjurations
  4659 | D:5      | Reached XP level 8. HP: 49/56 MP: 9/12
  5985 | D:6      | Reached XP level 9. HP: 19/62 MP: 4/14
  6044 | D:6      | Found an ancient bone altar of Kikubaaqudgha.
  6110 | D:6      | Found a blossoming altar of Fedhas.
  6111 | D:6      | Found a white marble altar of Elyvilon.
  6117 | D:6      | Reached skill level 5 in Polearms
  6294 | D:6      | Found a staircase to the Ecumenical Temple.
  6307 | D:6      | Reached skill level 6 in Conjurations
  6320 | Temple   | Entered the Ecumenical Temple
  6350 | Temple   | Became a worshipper of Sif Muna the Loreminder
  7044 | D:7      | Noticed Joseph
  7270 | D:7      | Noticed Maggie
  7290 | D:8      | Found a transporter.
  7290 | D:8      | Found a transporter.
  7329 | D:7      | HP: 1/65 [yak (13)]
  7330 | D:7      | Slain by a yak

Illustrated notes

Levels and vault maps discovered:
D:1:      minmay_arrival_stone_box, layout_loops_cross,
          shapermc_ecumenical_altar_acropolis
D:2:      layout_basic
D:3:      layout_basic
D:4:      gammafunk_cloud_chamber, layout_loops_ring, serial_co_window_serial,
          co_window_corner_a, co_window_paths_a, co_window_paths_a,
          co_window_corner_a, co_window_corner_a, co_window_of_opportunity_b,
          co_window_broadway_c, co_window_of_opportunity_b, co_window_corner_b,
          co_window_broadway_c, co_window_paths_c, co_window_broadway_a,
          co_window_paths_d, glass_columns_b, minmay_statues_item
D:5:      nicolae_cairo_tiling, layout_loops_ring
D:6:      layout_basic, kiku_gazebo_garden_becter, grunt_temple_overflow_open,
          minmay_temple_entry_stoned_glass
D:7:      layout_cave_pods, uniq_maggie, uniq_joseph
D:8:      gammafunk_jiyva_shrine, layout_gridville, enter_bailey_3
Temple:   mainiacjoe_temple_coin_purse

Skill      XL: |  1  2  3  4  5  6  7  8  9 |
---------------+----------------------------+-----
Maces & Flails | 1 2 |  2.0
Dodging        | 3 4 |  4.7
Fighting       | 1 2 3 |  3.7
Axes           | 1 |  1.4
Throwing       | 1 2 |  2.5
Polearms       | 1 3 4 5 |  5.8
Stealth        | 3 |  3.8
Conjurations   | 5 6 |  6.2
Spellcasting   | 3 4 |  4.5
Hexes          | |  0.1
Evocations     | |  0.4

Action                   |  1- 3 |  4- 6 |  7- 9 || total
-------------------------+-------+-------+-------++-------
Melee: Flail             |    62 |    17 |       ||    79
       Hand axe          |    10 |    25 |       ||    35
       Halberd           |       |    47 |   124 ||   171
Throw: Dart              |       |    10 |    18 ||    28
 Cast: Magic Dart        |    21 |    41 |    55 ||   117
       Searing Ray       |     3 |    15 |    31 ||    49
       Dazzling Flash    |     2 |     1 |     1 ||     4
       Iskenderun's Myst |       |       |     2 ||     2
Evoke: Wand              |       |       |     3 ||     3
  Use: Scroll            |     5 |     4 |     5 ||    14
       Potion            |       |       |     2 ||     2
 Stab: Sleeping          |     1 |     3 |       ||     4
       Invisible         |     1 |       |       ||     1
Armor: Robe              |    34 |    17 |     2 ||    53
       Steam dragon scal |       |       |    38 ||    38
Dodge: Dodged            |    72 |    75 |   102 ||   249

Table legend: (Time is in decaauts)
 A = Elapsed time spent in this place.
 B = Non-inter-level travel time spent in this place.
 C = Inter-level travel time spent in this place.
 D = Time resting spent in this place.
 E = Time spent auto-exploring this place.
 F = Levels seen in this place.
 G = Mean time per level.
                   A        B        C        D        E       F      G
               +--------+--------+--------+--------+--------+-----+--------+
         Total |   7424 |   5040 |   2384 |      0 |      0 |   9 |  824.9 |
       Dungeon |   7383 |   5032 |   2351 |      0 |      0 |   8 |  922.9 |
        Temple |     40 |      7 |     33 |      0 |      0 |   1 |   40.0 |
               +--------+--------+--------+--------+--------+-----+--------+

Top non-repeatable levels by time:
     D:4: 2003 daAuts
     D:5: 1473 daAuts
     D:2: 890 daAuts
     D:6: 883 daAuts
     D:3: 772 daAuts
     D:1: 711 daAuts
     D:7: 629 daAuts
  Temple: 40 daAuts
     D:8: 20 daAuts
